 Dungeon Crawl Stone Soup version 0.29-a0-284-gf9362112df (webtiles) character file.

Game seed: 12709537288704994071

1215 sammy202020 the Ruffian (level 8, 80/80 HPs)
             Began as a Troll Fighter on Mar 20, 2022.
             Quit the game in a sewer.
             The game lasted 00:08:04 (3933 turns).

sammy202020 the Ruffian (Troll Fighter)             Turns: 3933, Time: 00:08:04

Health: 80/80      AC:  5    Str: 29    XL:     8   Next: 22%
Magic:  6/7        EV:  9    Int:  6    God:
Gold:   172        SH: 12    Dex:  9    Spells: 7/7 levels left

rFire   x . .      SeeInvis .     - Unarmed
rCold   . . .      Faith    .   b - +0 kite shield
rNeg    . . .      Spirit   .   y - +0 robe of the Stonemason {rF- Will+ Slay+3}
rPois   .          Reflect  +   (helmet restricted)
rElec   .          Harm     .   (no cloak)
rCorr   .          Rampage  .   (gloves unavailable)
Will    +....                   (boots unavailable)
Stlth   ..........              t - amulet "Jussas" {Reflect Str+4 SH+5}
HPRegen 1.03/turn               (no ring)
MPRegen 0.10/turn               (no ring)

@: silenced
A: large, unfitting armour, claws 3, regeneration 1, shaggy fur 2, tough skin 1,
deterioration 1
a: no special abilities


You were in a sewer.
You visited 1 branch of the dungeon, and saw 6 of its levels.
You also visited: Sewer.

You collected 375 gold pieces.
You spent 203 gold pieces at shops.

Inventory:

Hand Weapons
 x - a +2 mace of protection
Missiles
 s - a throwing net (quivered)
Armour
 a - a +0 robe
 b - a +0 kite shield (worn)
 y - the +0 robe of the Stonemason (worn) {rF- Will+ Slay+3}
   (You bought it in a shop on level 5 of the Dungeon)

   Slay:      It affects your accuracy & damage with ranged weapons and melee
   (+3).
   rF:        It makes you vulnerable to fire.
   Will:      It increases your willpower.
Jewellery
 t - the amulet "Jussas" (around neck) {Reflect Str+4 SH+5}
   (You bought it in a shop on level 5 of the Dungeon)

   [amulet of reflection]

   It reflects blocked missile attacks.
   Str:       It affects your strength (+4).
   SH:        It affects your SH (+5).
Wands
 o - a wand of digging (4)
 v - a wand of iceblast (22)
Scrolls
 d - 5 scrolls of identify
 f - 2 scrolls of blinking {unknown}
 j - a scroll of enchant weapon {unknown}
 l - 4 scrolls of teleportation {unknown}
 q - 2 scrolls of enchant armour {unknown}
 r - a scroll of amnesia {unknown}
 u - 2 scrolls of noise {unknown}
 w - a scroll of magic mapping {unknown}
 z - a scroll of immolation {unknown}
Potions
 c - 2 potions of might
 g - a potion of ambrosia {unknown}
 h - 2 potions of lignification
 i - a potion of heal wounds {unknown}
 m - 2 potions of resistance {unknown}
 n - 2 potions of berserk rage {unknown}
 p - a potion of brilliance {unknown}
 A - 5 potions of flight
 B - 2 potions of haste {unknown}


   Skills:
 * Level 5.1 Fighting
 + Level 1.9 Maces & Flails
 * Level 4.4 Dodging
 + Level 3.8 Shields
 * Level 5.6 Unarmed Combat


You had 7 spell levels left.
You didn't know any spells.
Your spell library contained the following spells:

 Spells                   Type           Power      Damage    Failure   Level
 Foxfire                  Conj/Fire      0%         2x1d4     75%         1
 Blink                    Tloc           0%         N/A       87%         2
 Conjure Flame            Conj/Fire      0%         6-21      98%         3
 Inner Flame              Hex/Fire       0%         N/A       98%         3
 Lesser Beckoning         Tloc           0%         N/A       98%         3
 Flame Wave               Conj/Fire      0%         2d4       100%        4
 Manifold Assault         Tloc           0%         N/A       100%        5


Dungeon Overview and Level Annotations

Branches:
Dungeon (6/15)              Sewer (1/1)
 Temple: D:4-7

Altars:

Shops:
D:1 *   D:5 *


Innate Abilities, Weirdness & Mutations

You are too large for most types of armour.
You have claws for hands.
Your natural rate of healing is unusually fast.
You are covered in thick fur. (AC +2)
You have tough skin. (AC +1)
Your body sometimes deteriorates upon taking damage.


Message History

You enter the shallow water.
Moving in this stuff is going to be slow.
The bat barely misses you. You block the bat's attack.
You claw the bat!
You kill the bat!
No target in view!
No target in view!
You enter the shallow water.
Moving in this stuff is going to be slow.
You enter the shallow water.
Moving in this stuff is going to be slow.
You enter the shallow water.
Moving in this stuff is going to be slow.
As you read the scroll labelled WESOPN NYNE, it crumbles to dust.
It is a scroll of identify.
h - 2 potions of lignification
As you read the scroll labelled DYESIADIEMM, it crumbles to dust.
A profound silence engulfs you.
It was a scroll of silence.
Magic scrolls do not work when you're silenced!
There is a gate leading back out of this place here.
Really quaff the potion of mutation?
You feel extremely strange.
You feel clumsy.
You feel less energetic.
Your thoughts seem clearer.
Sorry, you're not good enough to have a special ability.
Really quaff the potion of mutation?
You feel extremely strange.
You feel more energetic.
You feel agile.
Your thinking seems confused.
You feel a hidden malignance growing inside you.
Sorry, you're not good enough to have a special ability.
Really quaff the potion of mutation?
You feel extremely strange.
You no longer feel a malignance within.
You feel genetically stable.
Sorry, you're not good enough to have a special ability.
Really quaff the potion of mutation?
You feel extremely strange.
You feel genetically unstable.
You feel yourself wasting away.
Your fur grows into a thick mane.
Sorry, you're not good enough to have a special ability.
Are you sure you want to abandon this character and quit the game? (Confirm with "yes".)

#≈≈≈####..####≈≈≈# #≈≈≈#
#≈≈≈# #..# #≈≈≈# #≈≈≈#
#≈≈≈####..####.≈≈# #≈≈≈#
#≈≈≈##.#..#.##≈≈≈# #≈≈≈#
#.≈≈##.'..'.##.≈≈# #≈≈≈#
#≈≈.##.'..'.##≈≈≈# #≈≈≈#
#≈≈≈##.#..#.##≈≈≈# #≈≈≈#
#≈≈.####..####.≈≈# #†≈≈#
#≈≈≈# #@.# #≈≈≈# #.≈≈#
#≈≈≈# #∩∩# #.≈≈# #≈≈≈#
#≈≈≈# #### #≈≈≈# #.≈≈#
#.≈≈# #≈≈≈# #≈≈≈# #≈≈≈#
#≈≈≈# #.≈≈# #≈≈.# #†≈≈#
#†≈≈#
#≈≈≈##########.≈≈###.≈≈#
#.≈≈≈≈≈.≈≈≈.≈≈≈.≈≈≈≈≈≈≈#
#≈≈.≈≈≈≈≈≈≈≈≈≈≈≈≈≈≈≈.≈≈#


There were no monsters in sight!

Vanquished Creatures
  2 black bears
  2 ogres (D:4)
  2 centaurs
  2 phantoms
  2 scorpions
  A howler monkey (D:5)
  A hound (D:4)
  2 orc priests (D:5)
  An iguana (D:4)
  Ijyb (D:3)
  2 orc wizards (D:5)
  12 adders
  4 river rats
  A dart slug (D:2)
  2 orcs
  8 bats
  6 endoplasms
  7 giant cockroaches
  7 goblins
  6 hobgoblins
  2 jackals (Sewer)
  5 quokkas
  11 ball pythons
  3 frilled lizards
  7 kobolds
  4 rats
103 creatures vanquished.

Vanquished Creatures (others)
  4 plants
4 creatures vanquished.

Grand Total: 107 creatures vanquished

Notes
Turn   | Place    | Note
-------+----------+-------------------------------------------
     0 | D:1      | sammy202020 the Troll Fighter began the quest for the Orb.
     0 | D:1      | Reached XP level 1. HP: 22/22 MP: 0/0
    87 | D:1      | Found Osetosed's Assorted Antiques.
   115 | D:1      | Reached XP level 2. HP: 29/29 MP: 1/1
   427 | D:1      | Reached XP level 3. HP: 36/36 MP: 2/2
   738 | D:2      | Found a faded altar of an unknown god.
  1420 | D:3      | Reached XP level 4. HP: 41/45 MP: 3/3
  1536 | D:3      | Noticed Ijyb
  1550 | D:3      | Killed Ijyb
  1966 | D:4      | Noticed an ogre
  1972 | D:4      | Killed an ogre
  1973 | D:4      | Reached XP level 5. HP: 53/53 MP: 4/4
  2030 | D:4      | Noticed a phantom
  2045 | D:4      | Killed a phantom
  2055 | D:4      | Reached XP level 6. HP: 47/62 MP: 5/5
  2651 | D:5      | Entered Level 5 of the Dungeon
  2738 | D:5      | Reached XP level 7. HP: 36/70 MP: 6/6
  2752 | D:5      | Reached skill level 1 in Maces & Flails
  2770 | D:5      | Reached skill level 5 in Unarmed Combat
  3028 | D:5      | Found Yffehuf's Assorted Antiques.
  3035 | D:5      | Bought a steaming lead amulet for 95 gold pieces
  3035 | D:5      | Identified the amulet "Jussas" {Reflect Str+4 SH+5} (You
                  | bought it in a shop on level 5 of the Dungeon)
  3035 | D:5      | Bought a crude robe for 108 gold pieces
  3035 | D:5      | Identified the +0 robe of the Stonemason {rF- Will+ Slay+3}
                  | (You bought it in a shop on level 5 of the Dungeon)
  3519 | D:6      | Reached XP level 8. HP: 41/79 MP: 7/7
  3578 | D:6      | Reached skill level 5 in Fighting
  3585 | D:6      | Found a glowing drain.
  3604 | Sewer    | Entered a sewer
  3929 | Sewer    | Gained mutation: You are clumsy. (Dex -2) [potion of
                  | mutation]
  3929 | Sewer    | Gained mutation: Your magical capacity is low. (-10% MP)
                  | [potion of mutation]
  3929 | Sewer    | Gained mutation: You possess an exceptional clarity of
                  | mind. [potion of mutation]
  3930 | Sewer    | Lost mutation: Your magical capacity is low. (-10% MP)
                  | [potion of mutation]
  3930 | Sewer    | Lost mutation: You are clumsy. (Dex -2) [potion of
                  | mutation]
  3930 | Sewer    | Lost mutation: You possess an exceptional clarity of mind.
                  | [potion of mutation]
  3930 | Sewer    | Gained mutation: You have hidden genetic defects. [potion
                  | of mutation]
  3931 | Sewer    | Lost mutation: You have hidden genetic defects. [potion of
                  | mutation]
  3931 | Sewer    | Gained mutation: You are somewhat resistant to further
                  | mutation. [potion of mutation]
  3932 | Sewer    | Lost mutation: You are somewhat resistant to further
                  | mutation. [potion of mutation]
  3932 | Sewer    | Gained mutation: Your body sometimes deteriorates upon
                  | taking damage. [potion of mutation]
  3932 | Sewer    | Gained mutation: You are covered in thick fur. (AC +2)
                  | [potion of mutation]
  3933 | Sewer    | Quit the game

Illustrated notes

Levels and vault maps discovered:
D:1:      sevenhm_arrival_forest_fort_large_1, layout_basic, serial_forest,
          infiniplex_forest_clump_diagonal, infiniplex_forest_clump_small,
          infiniplex_forest_end_2, infiniplex_forest_straight_2, serial_shops,
          shop, minmay_split_cup_small
D:2:      layout_basic, basic_ecumenical_altar
D:3:      layout_rooms, serial_forest, infiniplex_forest_end_3,
          infiniplex_forest_clump_diagonal, infiniplex_forest_clump_curved,
          infiniplex_forest_lined_2, uniq_ijyb
D:4:      layout_loops_ring
D:5:      wad_pebble_path, layout_loops_cross, serial_shops,
          nicolae_shop_overgrown_old_shop, dreamdust_princess_corridor
D:6:      layout_cave_pools, nicolae_overflows_in_rows, portal_sewer_entry_b,
          grunt_tough_drop
Sewer:    sewer_fruit_machine

Skill      XL: |  1  2  3  4  5  6  7  8 |
---------------+-------------------------+-----
Fighting       | 3 4 5 |  5.1
Unarmed Combat | 3 4 5 |  5.6
Dodging        | 3 4 |  4.4
Shields        | 3 |  3.8
Maces & Flails | 1 |  1.9

Action                   |  1- 3 |  4- 6 |  7- 9 || total
-------------------------+-------+-------+-------++-------
Melee: Unarmed           |    97 |   106 |   110 ||   313
  Use: Potion            |       |     1 |     4 ||     5
       Scroll            |       |       |     2 ||     2
 Stab: Sleeping          |       |     1 |       ||     1
Armor: Robe              |    30 |    38 |    24 ||    92
Dodge: Dodged            |    34 |    31 |    40 ||   105
Block: Kite shield       |    25 |    43 |    88 ||   156
       Reflection        |       |       |     1 ||     1

Table legend: (Time is in decaauts)
 A = Elapsed time spent in this place.
 B = Non-inter-level travel time spent in this place.
 C = Inter-level travel time spent in this place.
 D = Time resting spent in this place.
 E = Time spent auto-exploring this place.
 F = Levels seen in this place.
 G = Mean time per level.
                   A        B        C        D        E       F      G
               +--------+--------+--------+--------+--------+-----+--------+
         Total |   4032 |   4014 |     18 |      0 |   2947 |   7 |  576.0 |
       Dungeon |   3626 |   3608 |     18 |      0 |   2759 |   6 |  604.3 |
         Sewer |    406 |    406 |      0 |      0 |    187 |   1 |  406.0 |
               +--------+--------+--------+--------+--------+-----+--------+

Top non-repeatable levels by time:
     D:5: 793 daAuts
     D:2: 731 daAuts
     D:4: 714 daAuts
     D:1: 674 daAuts
     D:3: 548 daAuts
   Sewer: 406 daAuts
     D:6: 163 daAuts
